 Dungeon Crawl Stone Soup version 0.24-a0-284-g9fb9971 (webtiles) character file.

Game seed: 18018076993077708273

227 Anon1729 the Sneak (level 5, -3/94 HPs)
             Began as a Vampire Monk on May 4, 2019.
             Slain by a mummy (9 damage)
             ... in an ossuary.
             The game lasted 00:04:36 (2015 turns).

Anon1729 the Sneak (Vampire Monk)                   Turns: 2015, Time: 00:04:36

Health: -3/94      AC: 22    Str: 15    XL:     5   Next: 70%
Magic:  5/5        EV:  2    Int: 13    God:
Gold:   155        SH:  0    Dex: 17    Spells: 4/4 levels left

rFire    . . .     SeeInvis +   t - +0 long sword
rCold    . . .     Gourm    .   (no shield)
rNeg     + + +     Faith    .   (armour currently unavailable)
rPois    +         Spirit   .   (helmet currently unavailable)
rElec    .         Reflect  .   (cloak currently unavailable)
rCorr    .         Harm     .   (gloves currently unavailable)
MR       .....     NoTele   +   (boots currently unavailable)
Stlth    ..........             g - amulet of regeneration
HPRegen  0.65/turn              (no ring)
MPRegen  0.09/turn              (no ring)

@: berserking, tree-form, very quick
A: see invisible
a: Bat Form


You were in an ossuary.
You were not thirsty.
You were a tree.
You visited 1 branch of the dungeon, and saw 4 of its levels.
You also visited: Ossuary.

You collected 155 gold pieces.

Inventory:

Hand Weapons
 a - a +0 falchion
 t - a +0 long sword (weapon)
Armour
 m - a +2 hat (melded)
 v - a +2 robe of cold resistance (melded)
Jewellery
 g - an amulet of regeneration (around neck)
Scrolls
 b - a scroll of fog
 d - 2 scrolls of fear
 e - a scroll of amnesia
 f - 2 scrolls of enchant armour
 j - a scroll of blinking
 o - a scroll of random uselessness {unknown}
 p - a scroll of enchant weapon {unknown}
 q - a scroll of remove curse {unknown}
 u - a scroll of magic mapping {unknown}
Potions
 c - 19 potions of blood
 h - a potion of berserk rage
 i - a potion of lignification
 n - a potion of resistance {unknown}
 r - 2 potions of curing {unknown}
 s - 2 potions of brilliance {unknown}


   Skills:
 + Level 3.7 Fighting
 + Level 4.1 Long Blades
 + Level 4.5 Dodging
 + Level 5.3 Stealth


You had 4 spell levels left.
You didn't know any spells.
Your spell library was empty.

Dungeon Overview and Level Annotations

Branches:
Dungeon (4/15)
 Temple: D:4-7

Altars:
Hepliaklqana
Nemelex Xobeh

Annotations:
D:4 Blork the orc, Pikel


Innate Abilities, Weirdness & Mutations

((You have razor-sharp teeth.))
You have supernaturally acute eyesight. (SInv)
((You can survive without breathing.))


Message History

The mummy completely misses you.
You slash the mummy!
The mummy is severely damaged.
The mummy hits you!
* * * LOW HITPOINT WARNING * * *
The mummy hits you!
* * * LOW HITPOINT WARNING * * *
The mummy hits you but does no damage.
Unknown command.
You are too injured to fight recklessly!
It was a potion of berserk rage.
A red film seems to cover your vision as you go berserk!
You feel yourself moving faster!
You feel mighty! The mummy hits you but does no damage.
You hit the mummy.
The mummy is almost destroyed.
The mummy hits you.
* * * LOW HITPOINT WARNING * * *
The mummy hits you!
You die...

#....#
#....#
#....#
#....#
#....#
#....#
#Z...#
#MMZ.#
#♣MZ.#
######


You could see 3 mummies, a gnoll zombie, a big kobold zombie and an orc zombie.

Vanquished Creatures
  An ogre (D:4)
  An orc priest (D:3)
  A mummy (Ossuary)
  A gnoll (D:1)
  3 adders
  A worm (D:3)
  4 orcs (D:3)
  A ball python (D:2)
  4 giant cockroaches
  11 goblins
  9 hobgoblins
  4 jackals
  7 bats
  2 frilled lizards (D:2)
  A gnoll zombie (Ossuary)
  A hobgoblin zombie (Ossuary)
  4 kobolds
  3 kobold zombies (Ossuary)
  A quokka zombie (D:4)
  3 rats
  A rat zombie (D:4)
64 creatures vanquished.

Notes
Turn   | Place    | Note
-------+----------+-------------------------------------------
     0 | D:1      | Anon1729 the Vampire Monk began the quest for the Orb.
     0 | D:1      | Reached XP level 1. HP: 17/17 MP: 1/1
    60 | D:1      | Found a sparkling altar of Nemelex Xobeh.
   137 | D:1      | Reached XP level 2. HP: 23/23 MP: 2/2
   303 | D:1      | Reached XP level 3. HP: 17/29 MP: 3/3
   684 | D:2      | Reached skill level 4 in Stealth
   888 | D:2      | You fall through a shaft!
  1145 | D:3      | Reached XP level 4. HP: 29/35 MP: 4/4
  1343 | D:3      | Noticed an ogre
  1851 | D:4      | Noticed Blork the orc
  1857 | D:4      | Noticed Pikel
  1857 | D:4      | Noticed a slave
  1857 | D:4      | Noticed a slave
  1857 | D:4      | Noticed a slave
  1857 | D:4      | Noticed a slave
  1914 | D:4      | Found a hazy altar of Hepliaklqana.
  1930 | D:4      | Noticed an ogre
  1933 | D:4      | Found a sand-covered staircase.
  1941 | D:4      | Killed an ogre
  1941 | D:4      | Reached skill level 5 in Stealth
  1941 | D:4      | Reached XP level 5. HP: 42/42 MP: 5/5
  1971 | Ossuary  | Entered an ossuary
  2015 | Ossuary  | Slain by a mummy

Levels and vault maps discovered:
D:1:      mrwooster_arrival_statue_3, layout_basic,
          chequers_serial_rivers_room_b, chequers_jeans, minmay_curled_crystal,
          minmay_hexomino_r4
D:2:      layout_basic
D:3:      layout_loops_cross, serial_bayou_lagoon_a, minmay_ogre_servants
D:4:      layout_loops_corners, nicolae_overflow_hidden_temple, enter_ossuary_4,
          uniq_pikel, uniq_blork_the_orc
Ossuary:  ossuary_tomb_3

Skill      XL: |  1  2  3  4 |
---------------+-------------+-----
Fighting       | 3 |  3.7
Stealth        | 4 5 |  5.3
Dodging        | 4 |  4.5
Long Blades    | 4 |  4.1

Action                   |  1- 3 |  4- 6 || total
-------------------------+-------+-------++-------
Melee: Falchion          |    72 |       ||    72
       Bite              |    11 |    10 ||    21
       Long sword        |    15 |    77 ||    92
  Use: Potion            |       |     8 ||     8
       Scroll            |       |     6 ||     6
 Stab: Sleeping          |     6 |     1 ||     7
Armor: Robe              |    19 |    25 ||    44
       Skin              |       |     9 ||     9
Dodge: Dodged            |    78 |    54 ||   132
       Rpst.: Falchion   |    28 |       ||    28
       Long sword        |     2 |    20 ||    22

Table legend:
 A = Non-vault XP
 B = Vault XP
 C = Vault XP percentage of total XP
 D = Non-vault monster count
 E = Vault monster count
 F = Vault count percentage of total count
                 A         B        C        D         E       F
            +---------+---------+-------+---------+---------+-------
      Total |     278 |      47 |  14.5 |      44 |      20 |  31.2
            +---------+---------+-------+---------+---------+-------
        D:1 |      37 |       8 |  17.8 |      15 |       4 |  21.1
        D:2 |      40 |       0 |   0.0 |      17 |       0 |   0.0
        D:3 |      76 |      14 |  15.6 |      10 |       8 |  44.4
        D:4 |     125 |       2 |   1.6 |       2 |       2 |  50.0
    Ossuary |       0 |      23 | 100.0 |       0 |       6 | 100.0
            +---------+---------+-------+---------+---------+-------
